Map: Ruins of Seras

Players

카카로트

  • Race: Protoss Protoss

Bagain - Winner!

  • Race: Protoss Protoss
  • League: Gold

VOD

Have the link to the VOD?

Description

Time

  • Played on: Feb. 2, 2016, 7:27 a.m.
  • Length: 14:44
Show
View Real Time Build Order
Export as new Build Order

카카로트 Protoss 

Build Orders:  

Get SALT Encoding   

  12  0:01  Probe (Chrono Boost)  
  13  0:13  Pylon  
  13  0:18  Probe (Chrono Boost)  
  15  0:28  Probe (Chrono Boost)  
  15  0:35  Gateway  
  15  0:42  Assimilator  
  15  0:48  Assimilator  
  15  0:52  Probe (Chrono Boost)  
  16  1:03  Probe (Chrono Boost)  
  17  1:13  Probe (Chrono Boost)  
  18  1:23  Cybernetics Core  
  18  1:24  Probe (Chrono Boost)  
  19  1:34  Probe (Chrono Boost)  
  19  1:38  Pylon  
  20  1:45  Probe (Chrono Boost)  
  21  1:55  Probe (Chrono Boost)  
  22  2:02  Robotics Facility  
  22  2:03  Warp Gate (Chrono Boost)  
  22  2:12  Mothership Core (Chrono Boost)  
  24  2:23  Stalker  
  26  2:38  Probe  
  27  2:45  Gateway  
  27  2:52  Immortal  
  31  3:04  Pylon  
  31  3:22  Probe  
  32  3:33  Nexus  
  32  3:38  Probe  
  32  3:51  Observer (Chrono Boost)  
  33  4:03  Pylon  
  29  4:11  Observer (Chrono Boost)  
  30  4:21  Pylon  
  30  4:22  Stalker x2  
  34  4:37  Probe (Chrono Boost)  
  35  4:47  Probe (Chrono Boost)  
  35  4:48  Probe (Chrono Boost)  
  37  4:57  Probe (Chrono Boost)  
  37  4:58  Probe (Chrono Boost)  
  39  5:02  Pylon  
  39  5:08  Twilight Council  
  39  5:09  Probe x2 (Chrono Boost)  
  39  5:12  Pylon  
  41  5:20  Probe (Chrono Boost)  
  42  5:26  Probe (Chrono Boost)  
  39  5:30  Probe (Chrono Boost)  
  37  5:37  Probe (Chrono Boost)  
  37  5:41  Probe (Chrono Boost)  
  39  5:47  Blink, Probe (Chrono Boost)  
  40  5:51  Probe (Chrono Boost)  
  41  5:58  Probe (Chrono Boost)  
  42  6:15  Probe (Chrono Boost)  
  42  6:16  Probe (Chrono Boost)  
  42  6:17  Immortal  
  48  6:22  Gateway  
  49  6:25  Probe (Chrono Boost)  
  49  6:26  Probe (Chrono Boost)  
  49  6:31  Forge  
  50  6:36  Probe (Chrono Boost)  
  51  6:41  Assimilator  
  50  6:47  Dark Shrine  
  50  6:56  Assimilator  
  50  6:58  Probe (Chrono Boost)  
  51  7:01  Protoss Ground Armor Level 1 (Chrono Boost)  
  51  7:04  Gateway  
  51  7:08  Warp Prism, Probe  
  51  7:09  Probe  
  55  7:19  Probe  
  55  7:20  Probe  
  57  7:30  Probe  
  57  7:31  Gateway  
  57  7:35  Pylon  
  57  7:36  Photon Cannon  
  58  7:44  Pylon  
  58  7:48  Probe  
  59  7:59  Probe  
  59  8:00  Nexus  
  59  8:01  Stalker  
  59  8:03  Stalker  
  64  8:10  Forge  
  64  8:18  Probe  
  65  8:20  Probe  
  66  8:28  Immortal (Chrono Boost)  
  66  8:30  Probe  
  66  8:32  Probe  
  72  8:39  Dark Shrine  
  72  8:43  Pylon  
  72  8:46  Protoss Ground Weapons Level 1 (Chrono Boost)  
  72  8:50  Pylon  
  72  8:53  Protoss Ground Armor Level 2 (Chrono Boost)  
  72  8:55  Gateway  
  72  9:09  Photon Cannon  
  72  9:15  Pylon, Probe  
  73  9:24  Immortal (Chrono Boost)  
  77  9:25  Probe  
  78  9:36  Probe  
  79  9:47  Probe  
  79  9:49  Robotics Bay  
  80  9:55  Dark Templar x4  
  80  9:57  Probe  
  89  10:01  Immortal  
  93  10:17  Dark Templar x2  
  95  10:30  Gateway  
  95  10:31  Gateway  
  87  10:50  Probe, Protoss Ground Weapons Level 2 (Chrono Boost)  
  86  10:58  Assimilator  
  86  11:01  Probe  
  86  11:03  Assimilator  
  87  11:07  Nexus  
  87  11:09  Stalker x3  
  87  11:10  Stalker x2, Protoss Ground Armor Level 3 (Chrono Boost)  
  87  11:11  Stalker  
  99  11:18  Probe  
  100  11:27  Pylon  
  100  11:29  Probe  
  100  11:32  Pylon  
  101  11:34  Pylon  
  101  11:37  Pylon  
  101  11:41  Stalker x4  
  69  12:00  Stalker x3  
  69  12:01  Stalker  
  75  12:08  Stalker x4  
  83  12:21  Stalker  
  65  12:32  Stalker x2  
  65  12:33  Stalker x4  
  47  12:48  Stalker x2  
  42  12:52  Mothership Core  
  41  12:58  Stalker  
  41  13:12  Dark Templar  
  40  13:20  Dark Templar  
  36  13:41  Stalker x2  
  36  13:43  Stalker  
  42  13:51  Stalker  
  43  13:59  Stalker  
Show
View Real Time Build Order
Export as new Build Order

Bagain Protoss - Winner!

Build Orders: Oracle Opening 

Get SALT Encoding   

  12  0:01  Probe (Chrono Boost)  
  13  0:13  Probe (Chrono Boost)  
  14  0:20  Pylon  
  14  0:23  Probe (Chrono Boost)  
  15  0:38  Probe (Chrono Boost)  
  15  0:39  Gateway  
  16  0:47  Assimilator  
  16  0:49  Probe (Chrono Boost)  
  17  1:00  Probe (Chrono Boost)  
  18  1:08  Pylon  
  18  1:10  Probe (Chrono Boost)  
  19  1:18  Assimilator  
  19  1:27  Cybernetics Core  
  20  1:40  Probe (Chrono Boost)  
  20  1:50  Probe (Chrono Boost)  
  21  2:01  Probe (Chrono Boost)  
  22  2:03  Pylon  
  22  2:06  Zealot (Chrono Boost)  
  24  2:15  Probe  
  25  2:27  Pylon, Probe  
  25  2:28  Stargate  
  26  2:34  Gateway  
  25  2:51  Forge  
  25  2:56  Adept  
  27  3:05  Warp Gate  
  27  3:18  Oracle (Chrono Boost)  
  30  3:26  Photon Cannon  
  30  3:31  Adept x2, Photon Cannon  
  34  3:55  Gateway  
  34  3:56  Gateway  
  34  4:21  Zealot  
  34  4:22  Zealot  
  38  4:27  Robotics Facility  
  38  4:50  Nexus  
  38  4:59  Assimilator  
  38  5:06  Probe  
  36  5:45  Stalker x2  
  36  5:46  Stalker x2  
  44  5:52  Observer  
  45  5:58  Twilight Council  
  45  6:00  Pylon  
  45  6:03  Pylon  
  45  6:10  Sentry x3  
  51  6:13  Probe  
  52  6:19  Probe  
  52  6:24  Probe  
  53  6:29  Protoss Ground Weapons Level 1  
  53  6:32  Probe  
  55  6:41  Charge (Chrono Boost)  
  55  6:43  Probe  
  55  6:44  Probe  
  57  6:53  Zealot  
  57  6:54  Zealot  
  61  7:02  Observer  
  62  7:12  Dark Shrine  
  62  7:19  Probe  
  62  7:20  Probe  
  64  7:23  Warp Prism  
  66  7:30  Mothership Core  
  66  7:31  Probe  
  66  7:35  Assimilator  
  69  7:52  Zealot  
  69  7:53  Zealot x3  
  77  8:02  Probe  
  77  8:03  Probe  
  78  8:10  Stargate  
  78  8:24  Pylon  
  78  8:26  Pylon  
  78  8:40  Probe  
  78  8:42  Probe  
  78  8:45  Robotics Bay  
  80  8:49  Robotics Facility  
  80  8:52  Protoss Ground Weapons Level 2  
  80  8:54  Probe  
  81  9:04  Void Ray  
  81  9:08  Void Ray  
  89  9:21  Probe  
  89  9:24  Probe  
  91  9:33  Probe  
  92  9:45  Pylon  
  92  9:48  Pylon  
  92  9:50  Pylon  
  92  9:54  Zealot  
  94  10:03  Void Ray, Disruptor  
  94  10:05  Disruptor  
  104  10:08  Zealot x3  
  110  10:15  Pylon  
  110  10:18  Pylon  
  92  11:10  Zealot x4  
  100  11:13  Pylon  
  100  11:21  Photon Cannon  
  100  11:33  Photon Cannon  
  100  11:35  Photon Cannon  
  78  12:03  Zealot x4  
  78  12:05  Void Ray  
  50  12:49  Stalker x4  
  44  13:15  Stalker x4  
  40  13:43  Stalker x3  
  46  14:28  Stalker x3  
  46  14:29  Stalker  
Tags
 
League
Gold
Matchup
PvP
Replay Pack
rep
Add a new tag
Caveats
  • Supply blocks, unpowered buildings, or Contaminate may cause inaccurate times.
  • Supply counts are checked every 10 seconds.